 Dungeon Crawl Stone Soup version 0.25-a0-100-g33052ceff8 (webtiles) character file.

Game seed: 5356822928201869338, levelgen mode: deterministic

233 RedPan the Chiller (level 5, -4/38 HPs)
             Began as a Draconian Ice Elementalist on Nov 15, 2019.
             Was a Follower of Sif Muna.
             Killed from afar by an orc wizard (5 damage)
             ... with a puff of flame
             ... on level 4 of the Dungeon.
             The game lasted 00:05:38 (2720 turns).

RedPan the Chiller (Draconian Ice Elementalist)     Turns: 2720, Time: 00:05:39

Health: -4/38      AC:  5    Str: 11    XL:     5   Next: 75%
Magic:  17/20      EV: 12    Int: 16    God:    Sif Muna [*.....]
Gold:   203        SH:  0    Dex: 11    Spells: 11/12 levels left

rFire    . . .     SeeInvis .   k - +0 short sword
rCold    . . .     Gourm    .   (no shield)
rNeg     . . .     Faith    .   (armour unavailable)
rPois    .         Spirit   .   (helmet restricted)
rElec    .         Reflect  .   c - scarf {repulsion}
rCorr    .         Harm     .   (no gloves)
MR       .....                  (no boots)
Stlth    ++........             (no amulet)
HPRegen  0.12/turn              e - ring of magical power
MPRegen  0.17/turn              h - +3 ring of slaying

@: repel missiles
A: unfitting armour, cold-blooded, AC +5
a: Channel Magic, Renounce Religion


You were on level 4 of the Dungeon.
You worshipped Sif Muna.
Sif Muna was aware of your devotion.
You were not hungry.

You visited 1 branch of the dungeon, and saw 6 of its levels.

You collected 203 gold pieces.

Inventory:

Hand Weapons
 j - a +0 dagger
 k - a +0 short sword (weapon)
Armour
 c - a scarf of repulsion (worn)
 o - a +0 cloak
Jewellery
 e - a ring of magical power (left hand)
 h - a +3 ring of slaying (right hand)
 p - an uncursed ring of see invisible
 u - an uncursed ring of resist corrosion
Wands
 a - a wand of polymorph (10)
Scrolls
 g - 4 scrolls of identify
 l - 3 scrolls of teleportation
 w - a scroll of remove curse
Potions
 d - a potion of haste {unknown}
 f - a potion of agility
 i - 3 potions of curing
 m - a potion of flight
 n - a potion of resistance
 q - a potion of ambrosia
 r - 2 potions of heal wounds {unknown}
 s - 3 potions of brilliance {unknown}
Comestibles
 b - 8 rations
 t - 4 chunks of flesh


   Skills:
 - Level 1.7 Dodging
 - Level 1.7 Stealth
 + Level 4.2 Spellcasting
   Level 1.0 Conjurations
 + Level 5.0 Ice Magic


You had 11 spell levels left.
You knew the following spells:

 Your Spells              Type           Power        Failure   Level  Hunger
a - Freeze                Ice            ###.         1%          1    None

Your spell library contained the following spells:

 Spells                   Type           Power        Failure   Level  Hunger
 Throw Frost              Conj/Ice       ##....       7%          2    ##.....
 Ozocubu's Armour         Chrm/Ice       ##......     17%         3    ###....
 Throw Icicle             Conj/Ice       ##......     43%         4    ####...
 Summon Ice Beast         Ice/Summ       ##......     50%         4    ####...


Dungeon Overview and Level Annotations

Branches:
Dungeon (6/15)             Temple (0/1) D:4

Altars:
Dithmenos
Fedhas
Sif Muna

Annotations:
D:6 exclusion: centaur


Innate Abilities, Weirdness & Mutations

Your plain brown scales are hard. (AC +5)
You cannot fit into any form of body armour.
You are cold-blooded and may be slowed by cold attacks.


Message History

Items here: ( )) [[ ÷
Items here: ( ) [ †† a +0 dagger; a +0 robe; 2 stones; a worker ant corpse; an orc corpse Butcher a worker ant corpse? [(y)es/(n)o/(a)ll/(q)uit/?]
You butcher the worker ant corpse.
You butcher the orc corpse.
t - 4 chunks of flesh (gained 2);
t - 5 chunks of flesh (gained 1)
Items here: ( ) [ ÷ a +0 dagger; a +0 robe; 2 stones; an orc skeleton You start resting.
Eating one of 5 chunks of flesh.
You eat one of the 5 chunks of flesh.
This raw flesh tastes terrible.
The orc wizard is too close now for your liking.
An orc wizard is nearby!
The orc wizard shouts!
The orc wizard points at you and mumbles some strange words.
The puff of flame hits you!
* * * LOW HITPOINT WARNING * * *
The orc wizard gestures at you while chanting.
The puff of flame hits you.
You die...

#.##.. #.#...
......##... o
#.......o# .#
#.[# ..# #..# ..
#..####.####
##..........
###o##.#.#. #@#
#)# #.#
######.######.#
...............#
.......(..######
...≈...##.#
.≈≈≈≈.. #.#
.≈≈≈≈≈. #.#


You could see an orc wizard.

Vanquished Creatures
  A bullfrog zombie (D:6)
  A bullfrog skeleton (D:4)
  A worker ant (D:4)
  2 orc wizards (D:4)
  3 adders (D:3)
  A dart slug (D:3)
  A leopard gecko (D:2)
  7 orcs
  2 ball pythons (D:3)
  2 giant cockroaches
  6 goblins
  7 hobgoblins
  4 jackals (D:1)
  4 bats
  6 frilled lizards
  9 kobolds
  A quokka skeleton (D:4)
  9 rats
67 creatures vanquished.

Notes
Turn   | Place    | Note
-------+----------+-------------------------------------------
     0 | D:1      | RedPan the Draconian Ice Elementalist began the quest for
                  | the Orb.
     0 | D:1      | Reached XP level 1. HP: 14/14 MP: 3/3
   224 | D:1      | Reached XP level 2. HP: 15/20 MP: 0/5
  1099 | D:2      | Reached XP level 3. HP: 26/26 MP: 7/7
  1113 | D:2      | Found a shimmering blue altar of Sif Muna.
  1143 | D:2      | Became a worshipper of Sif Muna the Loreminder
  1224 | D:2      | Found a shadowy altar of Dithmenos.
  1671 | D:3      | Reached skill level 4 in Ice Magic
  1725 | D:3      | You fall into a shaft and drop 3 floors!
  1738 | D:6      | Reached XP level 4. HP: 29/33 MP: 9/9
  1779 | D:6      | Noticed a centaur
  1833 | D:5      | Entered Level 5 of the Dungeon
  1925 | D:4      | Found a staircase to the Ecumenical Temple.
  2028 | D:3      | Reached * piety under Sif Muna
  2376 | D:3      | Found a blossoming altar of Fedhas.
  2484 | D:4      | Reached XP level 5. HP: 15/38 MP: 10/10
  2685 | D:4      | Reached skill level 5 in Ice Magic
  2719 | D:4      | HP: 1/38 [orc wizard/puff of flame (8)]
  2720 | D:4      | Killed from afar by an orc wizard

Levels and vault maps discovered:
D:1:      dpeg_arrival_arbitrary_c, layout_basic, minmay_circled_x
D:2:      layout_rooms, grunt_dithmenos_smoke_and_mirrors, lemuel_doored_altar,
          dk_noncrumbling_3
D:3:      layout_rooms, first_ration, fedhas_altar_fruit_tree
D:4:      layout_loops_ring, old_standard_altar, minmay_temple_entry_hall,
          serial_shops, shop, lemuel_old_faithful, uniq_crazy_yiuf_cottage
D:5:      layout_layer_cave, uniq_sigmund, uniq_duvessa, uniq_pikel
D:6:      layout_loops_cross, nicolae_overflow_crystal_walls

Skill      XL: |  1  2  3  4  5 |
---------------+----------------+-----
Spellcasting   | 3 4 |  4.2
Ice Magic      | 4 5 |  5.0
Dodging        | |  1.7
Stealth        | |  1.7
Conjurations   | |  1.0

Action                   |  1- 3 |  4- 6 || total
-------------------------+-------+-------++-------
Melee: Club              |    38 |       ||    38
       Unarmed           |     1 |       ||     1
       Short sword       |    22 |    34 ||    56
       Tailslap          |     4 |     5 ||     9
 Cast: Freeze            |    51 |    31 ||    82
  Use: Scroll            |     9 |     2 ||    11
 Stab: Sleeping          |     1 |     1 ||     2
  Eat: Chunk             |     3 |     3 ||     6
Armor: Skin              |    36 |    18 ||    54
Dodge: Dodged            |    66 |    45 ||   111
       Deflected         |     1 |     4 ||     5

Table legend:
 A = Non-vault XP
 B = Vault XP
 C = Vault XP percentage of total XP
 D = Non-vault monster count
 E = Vault monster count
 F = Vault count percentage of total count
                 A         B        C        D         E       F
            +---------+---------+-------+---------+---------+-------
      Total |     329 |       5 |   1.5 |      63 |       4 |   6.0
            +---------+---------+-------+---------+---------+-------
        D:1 |      29 |       5 |  14.7 |      18 |       4 |  18.2
        D:2 |      17 |       0 |   0.0 |      11 |       0 |   0.0
        D:3 |      75 |       0 |   0.0 |      22 |       0 |   0.0
        D:4 |     160 |       0 |   0.0 |      10 |       0 |   0.0
        D:6 |      48 |       0 |   0.0 |       2 |       0 |   0.0
            +---------+---------+-------+---------+---------+-------
